 Dungeon Crawl Stone Soup version 0.23.2-33-g5129a83184 (webtiles) character file.

Game seed: 901432729944752717

13188 NochnoyZador the Grappler (level 11, -5/101 (102) HPs)
             Began as a Troll Warper on Aug 12, 2019.
             Was an Elder of Ashenzari.
             Slain by a five-headed hydra (12 damage)
             ... on level 1 of the Lair of Beasts.
             The game lasted 00:58:46 (12135 turns).

NochnoyZador the Grappler (Troll Warper)           Turns: 12135, Time: 00:58:47

HP:   -5/101 (102)  AC: 15    Str: 21    XL:     11   Next: 72%
MP:   10/14         EV: 14    Int: 11    God:    Ashenzari [****..]
Gold: 767           SH:  0    Dex: 14    Spells: 7/14 levels left

rFire    + . .     SeeInvis +     - Unarmed
rCold    + . .     Gourm    +   (no shield)
rNeg     . . .     Faith    .   a - +2 robe (curse)
rPois    .         Spirit   .   E - +2 hat (curse)
rElec    .         Reflect  .   k - scarf {rC+ rF+} (curse)
rCorr    .         Harm     .   (gloves unavailable)
MR       .....     Clarity  +   (boots unavailable)
Stlth    +.........             (no amulet)
HPRegen  0.66/turn              G - +5 ring of protection (curse)
MPRegen  0.14/turn              H - +4 ring of dexterity (curse)

@: no status effects
A: large, unfitting armour, claws 3, fast metabolism 3, gourmand, regeneration
1, shaggy fur 1, tough skin 3
a: Curse Item, Scrying, Renounce Religion


You were on level 1 of the Lair of Beasts.
You worshipped Ashenzari.
Ashenzari was greatly pleased with you.
You were very full.

You visited 3 branches of the dungeon, and saw 13 of its levels.

You collected 949 gold pieces.
You spent 182 gold pieces at shops.

Inventory:

Hand Weapons
 v - a +0 giant spiked club
 I - a +2 quarterstaff of chaos
 O - a +6 flail of crushing
Missiles
 e - 455 stones
 m - 265 arrows
 C - 11 tomahawks
 D - 2 javelins
 F - 2 steel javelins (quivered)
 P - a throwing net
Armour
 a - a cursed +2 robe (worn)
 k - a cursed scarf of resistance (worn)
 E - a cursed +2 hat (worn)
 J - a +0 cloak
Jewellery
 G - a cursed +5 ring of protection (left claw)
 H - a cursed +4 ring of dexterity (right claw)
 M - an uncursed ring of protection from cold
 R - a +3 amulet of reflection
Wands
 r - a wand of flame (50)
 A - a wand of digging (4)
 B - a wand of polymorph (10)
Scrolls
 c - 4 scrolls of blinking
 h - a scroll of torment {unknown}
 i - 6 scrolls of magic mapping
 j - 5 scrolls of remove curse
 n - 4 scrolls of brand weapon
 o - a scroll of summoning
 q - 6 scrolls of amnesia
 t - 3 scrolls of teleportation
 u - 3 scrolls of fog
 x - 3 scrolls of immolation
 N - 2 scrolls of fear {unknown}
Potions
 b - 5 potions of curing
 g - a potion of agility
 s - a potion of heal wounds
 w - 2 potions of mutation
 z - 2 potions of flight
 K - a potion of brilliance
 L - a potion of lignification
 Q - a potion of cancellation {unknown}
 S - a potion of might
 T - a potion of haste
Comestibles
 f - 28 rations


   Skills:
 + Level 5.0 Fighting
 - Level 7.1 Maces & Flails
 + Level 4.0 Throwing
 + Level 3.7(6.9) Dodging
 + Level 0.0(0.5) Stealth
 + Level 10.3 Unarmed Combat
 + Level 2.0 Spellcasting
 + Level 6.5(8.9) Translocations
 - Level 5.8(8.1) Evocations


You had 7 spell levels left.
You knew the following spells:

 Your Spells              Type           Power        Failure   Level  Hunger
a - Blink                 Tloc           N/A          1%          2    ###....
b - Shroud of Golubria    Chrm/Tloc      ##........   7%          2    ###....
c - Teleport Other        Tloc           ###.....     2%          3    ####...

Your spell library contained the following spells:

 Spells                   Type           Power        Failure   Level  Hunger
 Gell's Gravitas          Tloc           ###.......   2%          3    ####...
 Lesser Beckoning         Tloc           ###.......   2%          3    ####...
 Passage of Golubria      Tloc           N/A          8%          4    #####..
 Summon Small Mammal      Summ           #...         26%         1    ##.....
 Call Imp                 Summ           #.......     36%         2    ###....
 Call Canine Familiar     Summ           #.......     61%         3    ####...
 Summon Guardian Golem    Hex/Summ       #.......     61%         3    ####...
 Summon Ice Beast         Ice/Summ       #.......     95%         4    #####..
 Summon Lightning Spire   Summ/Air       #.......     95%         4    #####..


Dungeon Overview and Level Annotations

Branches:
Dungeon (11/15)            Temple (1/1) D:4            Lair (1/6) D:9
    Orc (0/2) D:11

Altars:
Ashenzari
Cheibriados
Dithmenos
Elyvilon
Fedhas
Gozag
Hepliaklqana
Kikubaaqudgha
Makhleb
Nemelex Xobeh
Okawaru
Qazlal
Ru
Sif Muna
Trog
Uskayaw
Vehumet
Wu Jian
Xom
Yredelemnul
Zin
The Shining One

Shops:
D:11 }

Annotations:
D:9 3 runed translucent doors, Drevant2's ghost, novice NaFE


Innate Abilities, Weirdness & Mutations

You are too large for most types of armour.
You have claws for hands.
Your metabolism is lightning-fast.
You like to eat raw meat.
Your natural rate of healing is unusually fast.
You are covered in fur. (AC +1)
You have extremely tough skin. (AC +3)


Message History

Your shroud bends the four-headed hydra's attack away.
The four-headed hydra barely misses you.
The four-headed hydra bites you but does no damage.
You tear one of the four-headed hydra's heads off!
The three-headed hydra grows two more!
You claw the five-headed hydra!
The five-headed hydra is moderately wounded.
The crocodile misses you.
Your shroud bends the five-headed hydra's attack away!
Your shroud bends the five-headed hydra's attack away.
The five-headed hydra bites you but does no damage. x3
The crocodile bites you!!
Your shroud falls apart!
The five-headed hydra bites you!!
* * * LOW HITPOINT WARNING * * *
The five-headed hydra misses you. The five-headed hydra bites you!
* * * LOW HITPOINT WARNING * * *
The five-headed hydra bites you.
* * * LOW HITPOINT WARNING * * *
The five-headed hydra bites you!
You die...

, , ,, * ** ,,,
,.)... ≈ , ,
#*#.... ##### *≈
* ,
,..#....#...P## *
≈ , , ,,
.............# ≈
, ,............#*
*** * , ,,
............# ≈ ,
,, ............#
* .......@....#
** ,, ,
......tD....#
............# ,
,,,............#*
, ............P#
, ,,,
,##..........##
,, , ,,
###...#####.
**,,, ###. ##** *
, , ,, * * *,** *


You could see a five-headed hydra and a crocodile.

Vanquished Creatures
  Harold (D:11)
  6 death yaks (D:9)
  A centaur zombie (D:11)
  A gargoyle (D:10)
  A hippogriff (D:7)
  Sigmund (D:2)
  A spriggan (D:7)
  3 yaks (D:11)
  3 hungry ghosts
  Menkaure (D:5)
  Edmund (D:6)
  A water moccasin (D:9)
  Duvessa (D:6)
  3 sky beasts
  3 ice beasts
  A black bear (D:8)
  7 orc warriors
  2 necrophages
  A phantom (D:10)
  7 centaurs
  6 ogres
  5 big kobolds
  Blork the orc (D:6)
  A gnoll sergeant (D:11)
  7 bullfrogs
  Dowan (D:6)
  A killer bee (D:6)
  5 howler monkeys
  4 wights (D:9)
  7 crimson imps
  3 bullfrog zombies
  A quasit (D:10)
  6 jellies
  15 orc priests
  A gnoll shaman (D:6)
  7 hounds
  Crazy Yiuf (D:6)
  Terence (D:2)
  Jessica (D:2)
  12 orc wizards
  Ijyb (D:2)
  7 worker ants
  2 iguanas
  A statue (D:6)
  A hound zombie (D:7)
  A worker ant zombie (D:7)
  2 hound skeletons
  A howler monkey skeleton (D:9)
  20 adders
  4 gnolls (D:11)
  5 shadow imps
  An ooze (D:3)
  2 adder skeletons
  2 worms (D:3)
  4 dart slugs
  3 leopard geckos
  60 orcs
  3 bats
  6 giant cockroaches
  10 hobgoblins
  11 jackals
  4 quokkas
  4 frilled lizards
  15 goblins
  36 kobolds
  A quokka skeleton (D:5)
  A quokka zombie (D:9)
  9 rats
  A bush (D:8)
350 creatures vanquished.

Vanquished Creatures (others)
  A human (D:2)
1 creature vanquished.

Grand Total: 351 creatures vanquished

Notes
Turn   | Place    | Note
-------+----------+-------------------------------------------
     0 | D:1      | NochnoyZador the Troll Warper began the quest for the Orb.
     0 | D:1      | Reached XP level 1. HP: 19/19 MP: 1/1
   202 | D:1      | Reached XP level 2. HP: 25/27 MP: 2/2
   448 | D:1      | Reached skill level 3 in Unarmed Combat
   920 | D:2      | Reached XP level 3. HP: 33/33 MP: 3/3
   966 | D:2      | Noticed Terence
   979 | D:2      | Killed Terence
   979 | D:2      | Reached skill level 4 in Unarmed Combat
   979 | D:2      | Reached XP level 4. HP: 24/41 MP: 4/4
  1036 | D:2      | Noticed Jessica
  1041 | D:2      | Killed Jessica
  1139 | D:2      | Noticed Sigmund
  1156 | D:2      | Killed Sigmund
  1156 | D:2      | Reached skill level 6 in Unarmed Combat
  1156 | D:2      | Reached XP level 5. HP: 21/48 MP: 5/5
  1156 | D:2      | Reached XP level 6. HP: 24/55 MP: 6/6
  1212 | D:2      | Learned a level 2 spell: Blink
  1215 | D:2      | Learned a level 2 spell: Shroud of Golubria
  1219 | D:2      | Learned a level 3 spell: Teleport Other
  1265 | D:2      | Noticed Ijyb
  1283 | D:2      | Killed Ijyb
  1283 | D:2      | Reached skill level 1 in Throwing
  1464 | D:2      | Found an ancient bone altar of Kikubaaqudgha.
  1467 | D:2      | Noticed a human
  1468 | D:2      | Killed a human
  2999 | D:4      | Reached XP level 7. HP: 65/65 MP: 8/8
  3409 | D:4      | Found a staircase to the Ecumenical Temple.
  3415 | Temple   | Entered the Ecumenical Temple
  3610 | Temple   | Became a worshipper of Ashenzari the Shackled
  3716 | D:5      | Entered Level 5 of the Dungeon
  3734 | D:4      | Reached skill level 1 in Evocations
  3777 | D:5      | Reached skill level 1 in Maces & Flails
  4085 | D:5      | Found a bloodstained altar of Trog.
  4139 | D:5      | Reached XP level 8. HP: 67/74 MP: 10/10
  4205 | D:5      | Reached skill level 7 in Unarmed Combat
  4411 | D:5      | Found a burning altar of Makhleb.
  4655 | D:6      | Noticed Menkaure
  4661 | D:5      | Killed Menkaure
  4838 | D:6      | Noticed Edmund
  4848 | D:6      | Killed Edmund
  5029 | D:6      | Reached * piety under Ashenzari
  5087 | D:6      | Noticed Blork the orc
  5093 | D:6      | Killed Blork the orc
  5107 | D:6      | Reached XP level 9. HP: 80/84 MP: 9/11
  5421 | D:6      | Found a runed translucent door.
  5422 | D:6      | Noticed Crazy Yiuf
  5430 | D:6      | Killed Crazy Yiuf
  5498 | D:6      | Noticed Dowan
  5500 | D:6      | Noticed Duvessa
  5509 | D:6      | Killed Duvessa
  5517 | D:6      | Killed Dowan
  5555 | D:6      | Reached skill level 8 in Unarmed Combat
  5721 | D:6      | Found a radiant altar of Vehumet.
  6330 | D:7      | Found a glowing golden altar of the Shining One.
  6653 | D:7      | Reached ** piety under Ashenzari
  6909 | D:7      | Reached XP level 10. HP: 94/94 MP: 10/12
  7089 | D:8      | Found a glowing silver altar of Zin.
  7520 | D:8      | Found a snail-covered altar of Cheibriados.
  7523 | D:8      | Found an iron altar of Okawaru.
  7526 | D:8      | Found a basalt altar of Yredelemnul.
  7617 | D:8      | Reached skill level 5 in Fighting
  8047 | D:9      | Found a runed translucent gate.
  8047 | D:9      | Found a runed translucent gate.
  8047 | D:9      | Found a runed translucent gate.
  8050 | D:9      | Noticed a spectral centaur warrior
  8052 | D:9      | Noticed Drevant2's ghost (novice NaFE)
  8061 | D:9      | Noticed a death yak
  8061 | D:9      | Noticed a death yak
  8072 | D:9      | Reached skill level 5 in Maces & Flails
  8074 | D:9      | Reached skill level 5 in Translocations
  8079 | D:9      | Noticed a death yak
  8082 | D:9      | Noticed a death yak
  8084 | D:9      | Noticed a death yak
  8087 | D:9      | Noticed a death yak
  8096 | D:9      | Found a staircase to the Lair.
  8614 | D:9      | Reached *** piety under Ashenzari
  8811 | D:9      | Killed a death yak
  8811 | D:9      | Reached skill level 9 in Unarmed Combat
  8826 | D:9      | Killed a death yak
  9267 | D:9      | Killed a death yak
  9267 | D:9      | Reached skill level 5 in Evocations
  9281 | D:9      | Killed a death yak
  9281 | D:9      | Reached XP level 11. HP: 46/102 MP: 9/13
  9464 | D:9      | Killed a death yak
  9591 | D:9      | Killed a death yak
  9672 | D:10     | Entered Level 10 of the Dungeon
 10669 | D:11     | Noticed Harold
 10814 | D:11     | Reached skill level 10 in Unarmed Combat
 10841 | D:11     | Killed Harold
 11322 | D:11     | Reached **** piety under Ashenzari
 11449 | D:11     | Found Zainuz's Gadget Shop.
 11474 | D:11     | Bought a wand of digging (3) for 182 gold pieces
 11799 | D:11     | Found a staircase to the Orcish Mines.
 12118 | Lair:1   | Entered Level 1 of the Lair of Beasts
 12118 | Lair:1   | Noticed a four-headed hydra
 12135 | Lair:1   | Slain by a five-headed hydra

Skill      XL: |  1  2  3  4  5  6  7  8  9 10 11 |
---------------+----------------------------------+-----
Unarmed Combat | 3 4 6 7 8 9 10 | 10.3
Throwing       | 1 2 3 4 |  4.0
Dodging        | 2 3 |  3.7
Fighting       | 2 3 4 5 |  5.0
Evocations     | 1 2 3 5 |  5.8
Maces & Flails | 1 3 4 6 7 |  7.1
Spellcasting   | 2 |  2.0
Translocations | 3 4 5 6 |  6.5

Action                   |  1- 3 |  4- 6 |  7- 9 | 10-12 || total
-------------------------+-------+-------+-------+-------++-------
Melee: Unarmed           |    80 |   151 |   334 |   603 ||  1168
       Punch             |       |     3 |    15 |    41 ||    59
Throw: Javelin           |       |     2 |    12 |     7 ||    21
       Tomahawk          |       |       |       |     5 ||     5
       Stone             |       |       |       |     7 ||     7
 Cast: Shroud of Golubri |       |       |    16 |    55 ||    71
       Blink             |       |       |       |    14 ||    14
Invok: Curse Item        |       |       |     4 |     1 ||     5
  Use: Scroll            |       |       |    17 |     8 ||    25
       Potion            |       |       |       |     9 ||     9
 Stab: Distracted        |       |       |     1 |     1 ||     2
       Sleeping          |       |       |     1 |     2 ||     3
  Eat: Chunk             |    14 |    18 |    47 |    56 ||   135
       Ration            |       |       |       |     1 ||     1
Armor: Robe              |    19 |    47 |   106 |   201 ||   373
Dodge: Dodged            |    30 |    50 |   139 |   321 ||   540
